Map: [ESL] Royal Blood

Players

TeebuL

  • Race: Protoss Protoss
  • Spawn Location: 1:00

Oriana - Winner!

  • Race: Terran Terran
  • Spawn Location: 7:00

Event: ESL SC2 Masters 2023 Summer (Regionals)

VOD

Have the link to the VOD?

Description

Time

  • Played on: May 7, 2023, 8:47 a.m.
  • Length: 11:47

All games in this series

Show
View Real Time Build Order
Export as new Build Order

TeebuL Protoss 

Build Orders: 1 Gate Expand, Phoenix Opening, Colossus Rush 

Get SALT Encoding   

  12  0:01  Probe  
  13  0:13  Probe  
  14  0:18  Pylon  
  14  0:25  Probe  
  15  0:37  Probe (Chrono Boost)  
  15  0:38  Gateway  
  16  0:48  Probe (Chrono Boost)  
  17  0:53  Probe (Chrono Boost)  
  17  0:56  Assimilator  
  18  1:04  Probe  
  19  1:16  Probe  
  20  1:26  Cybernetics Core  
  20  1:36  Nexus  
  20  1:39  Probe  
  21  1:50  Pylon  
  21  1:51  Probe  
  22  1:55  Assimilator  
  22  2:03  Probe  
  22  2:06  Adept (Chrono Boost)  
  22  2:07  Warp Gate  
  25  2:15  Probe  
  26  2:27  Probe  
  26  2:29  Stalker  
  28  2:41  Stargate  
  28  2:42  Probe  
  29  2:48  Probe  
  30  2:54  Probe  
  30  2:55  Gateway  
  31  3:00  Probe  
  32  3:06  Probe  
  32  3:12  Probe  
  34  3:18  Probe  
  35  3:24  Phoenix (Chrono Boost), Probe  
  35  3:26  Robotics Facility  
  38  3:30  Probe  
  39  3:36  Probe  
  39  3:39  Pylon  
  39  3:40  Phoenix (Chrono Boost)  
  40  3:42  Probe  
  43  3:49  Probe  
  43  3:52  Assimilator  
  43  3:54  Probe  
  45  4:01  Probe  
  45  4:02  Phoenix (Chrono Boost)  
  48  4:06  Probe  
  49  4:13  Probe  
  49  4:16  Pylon  
  50  4:19  Probe  
  50  4:20  Phoenix (Chrono Boost)  
  50  4:23  Assimilator  
  53  4:25  Probe  
  54  4:34  Probe  
  54  4:37  Probe, Phoenix (Chrono Boost)  
  57  4:46  Probe  
  57  4:49  Probe  
  59  4:57  Robotics Bay  
  59  4:58  Probe  
  59  4:59  Pylon  
  60  5:00  Observer  
  60  5:01  Probe  
  62  5:14  Pylon  
  62  5:17  Probe x2  
  62  5:20  Immortal (Chrono Boost)  
  64  5:24  Nexus  
  68  5:29  Probe x2, Pylon  
  70  5:38  Adept, Sentry  
  70  5:41  Probe x2  
  76  5:44  Gateway  
  76  5:46  Colossus (Chrono Boost)  
  76  5:52  Shield Battery  
  76  5:53  Probe x2  
  84  6:05  Probe x2  
  84  6:07  Pylon  
  84  6:10  Twilight Council  
  86  6:13  Forge  
  86  6:21  Pylon  
  86  6:22  Colossus (Chrono Boost)  
  86  6:25  Probe x2  
  94  6:35  Extended Thermal Lance  
  94  6:37  Probe x3, Pylon  
  97  6:42  Gateway  
  97  6:45  Gateway x2, Sentry x2  
  101  6:49  Probe x2  
  101  6:51  Probe  
  104  6:54  Assimilator  
  104  6:56  Pylon, Assimilator  
  104  7:01  Probe x2  
  104  7:03  Probe  
  104  7:07  Warp Prism (Chrono Boost)  
  109  7:12  Charge (Chrono Boost)  
  109  7:13  Probe, Gateway  
  108  7:15  Gateway  
  108  7:20  Zealot x3  
  114  7:23  Protoss Ground Weapons Level 1 (Chrono Boost)  
  114  7:25  Photon Cannon  
  114  7:26  Photon Cannon  
  114  7:40  Colossus (Chrono Boost)  
  114  7:42  Zealot x2  
  114  7:43  Zealot  
  126  7:49  Zealot x3  
  132  7:54  Pylon  
  132  7:57  Pylon  
  132  8:04  Pylon  
  132  8:16  Zealot x7  
  132  8:17  Zealot  
  136  8:31  Probe  
  136  8:34  Probe  
  124  8:38  Zealot x4  
  132  8:42  Pylon  
  117  8:49  Zealot  
  107  8:57  Immortal  
  102  9:04  Zealot x4  
  76  9:22  Nexus  
  64  9:28  Zealot x4  
  64  9:29  Zealot  
  64  9:30  Templar Archives  
  64  9:31  Sentry  
  74  9:33  Observer  
  74  9:35  Sentry  
  76  9:51  Zealot x2  
  80  9:56  Pylon  
  80  10:07  High Templar x5  
  80  10:09  Disruptor  
  80  10:11  Archon x2  
  93  10:18  High Templar  
  85  10:32  Zealot  
  61  10:39  Zealot x2  
  61  10:40  Zealot x4  
Show
View Real Time Build Order
Export as new Build Order

Oriana Terran - Winner!

Build Orders: Reaper Expand 

Get SALT Encoding   

  12  0:00  SCV  
  13  0:12  SCV  
  14  0:16  Supply Depot  
  14  0:24  SCV  
  15  0:38  SCV  
  15  0:40  Barracks  
  16  0:43  Refinery  
  16  0:50  SCV  
  17  1:02  SCV  
  18  1:14  SCV  
  19  1:26  Reaper  
  19  1:27  Orbital Command  
  20  1:40  Command Center  
  20  1:50  Supply Depot  
  20  1:53  SCV  
  21  1:58  Marine  
  22  2:05  SCV  
  23  2:09  Factory  
  23  2:16  Bunker  
  23  2:20  Barracks Reactor  
  23  2:22  SCV  
  24  2:26  Refinery  
  24  2:34  SCV  
  25  2:46  SCV  
  26  2:55  Orbital Command, Starport, Hellion  
  28  2:58  SCV  
  28  3:02  Marine x2  
  31  3:11  SCV  
  32  3:16  Widow Mine  
  32  3:17  Supply Depot  
  34  3:20  Marine  
  34  3:21  Marine  
  34  3:24  SCV x2  
  38  3:33  Medivac  
  40  3:36  SCV x2  
  40  3:40  Widow Mine, Supply Depot  
  44  3:45  Marine x2  
  46  3:49  SCV  
  46  3:50  SCV  
  46  3:54  Barracks  
  48  4:03  SCV x2  
  48  4:04  Factory Tech Lab, Starport Tech Lab  
  48  4:05  Supply Depot  
  48  4:06  Marine x2  
  52  4:15  SCV x2  
  54  4:23  Raven, Siege Tank  
  59  4:27  SCV x2  
  61  4:32  Marine x2  
  60  4:39  SCV x2  
  60  4:44  Engineering Bay, Refinery  
  62  4:47  Barracks  
  62  4:50  Marine x2  
  62  4:51  SCV  
  62  4:52  SCV  
  62  4:53  Supply Depot  
  62  5:03  Stimpack, Cyclone  
  62  5:04  Marine  
  62  5:05  SCV x2  
  68  5:07  Supply Depot  
  68  5:15  Marine x2  
  67  5:22  SCV x2  
  67  5:23  Terran Infantry Weapons Level 1  
  67  5:24  Supply Depot  
  67  5:26  Marine, Starport Reactor, Refinery  
  70  5:30  Supply Depot  
  70  5:34  Marine x2  
  71  5:43  SCV x2  
  71  5:44  Supply Depot  
  73  5:50  Command Center, Combat Shield  
  73  5:53  Marauder x2  
  73  5:54  Marine x2  
  73  5:55  Factory Reactor  
  78  5:57  SCV  
  78  5:59  SCV  
  79  6:14  SCV x2, Medivac x2  
  85  6:19  Marine  
  85  6:20  Marine, Marauder x2  
  91  6:27  Supply Depot  
  89  6:34  Barracks, SCV x2  
  90  6:41  Barracks  
  90  6:43  Missile Turret  
  90  6:46  Marauder  
  90  6:47  Marauder, Missile Turret, Marine x2  
  94  6:48  Medivac  
  94  6:51  Medivac  
  100  6:54  SCV x2  
  100  6:56  Widow Mine  
  100  6:57  Widow Mine  
  106  7:08  Marine x2  
  105  7:09  Marauder x2  
  105  7:13  SCV x2  
  112  7:24  Barracks Tech Lab  
  112  7:26  SCV, Terran Infantry Armor Level 1  
  112  7:27  SCV  
  112  7:28  Marine x2, Ghost Academy  
  116  7:31  Medivac x2  
  116  7:33  Marauder  
  122  7:40  Marauder  
  122  7:41  Barracks Reactor  
  122  7:42  Orbital Command, SCV x2  
  126  7:51  Marine x2, Marauder  
  130  7:54  SCV x2  
  129  8:00  Marauder  
  129  8:03  Widow Mine, Marauder  
  133  8:07  Supply Depot  
  133  8:08  Medivac  
  133  8:09  Widow Mine  
  133  8:10  Marine x2  
  139  8:20  SCV x2  
  139  8:24  Marine  
  139  8:26  Marine  
  141  8:28  SCV  
  141  8:29  Marauder x2  
  141  8:30  Marine x2  
  141  8:32  Widow Mine x2  
  149  8:36  Marauder  
  149  8:38  Viking  
  149  8:44  SCV, Supply Depot  
  149  8:45  Supply Depot  
  149  8:49  Marine, SCV x2  
  149  8:54  Armory  
  148  8:56  Concussive Shells  
  148  8:59  Ghost  
  148  9:00  Marine  
  148  9:01  Marine  
  146  9:06  Marine x3, Marauder  
  127  9:11  Widow Mine x2  
  127  9:14  SCV  
  127  9:15  SCV x2  
  127  9:18  Marine  
  127  9:19  Marine  
  127  9:23  Marine  
  130  9:24  Marauder  
  130  9:26  Marine  
  132  9:37  SCV x3  
  132  9:39  Refinery x2  
  132  9:42  Command Center  
  132  9:45  Engineering Bay  
  132  9:46  Viking x2  
  132  9:49  Missile Turret  
  140  9:53  Marauder x2  
  140  9:58  Bunker  
  140  9:59  SCV x3  
  143  10:05  Ghost  
  145  10:10  Supply Depot  
  145  10:11  Marine x4  
  145  10:13  Marine  
  147  10:17  SCV x3  
  147  10:18  Marine  
  128  10:29  Marine  
  128  10:31  Marine x3  
  128  10:32  SCV x3  
  112  10:44  SCV  
  112  10:46  Ghost  
Tags
 
Add a new tag
Caveats
  • Supply blocks, unpowered buildings, or Contaminate may cause inaccurate times.
  • Supply counts are checked every 10 seconds.